SR
UNION CITY HILLERS @ GERMANTOWN URUGUAYANS
08/30/2034
 
TOP OF THE 1ST
Union City Hillers batting - Pitching for Germantown Uruguayans : RHP Yeow-whye Gao
Pitching: RHP Yeow-whye Gao
Batting: RHB Tony Juderías 0-0: Fly out, F4 (Popup, 34)
Batting: RHB Artur Nugaev 0-0: Ball
1-0: Fly out, F4 (Line Drive, 4)
Batting: RHB Joe Gram 0-0: Called Strike
0-1: Fly out, F9 (Flyball, 9S)
Top of the 1st over - 0 runs, 0 hits, 0 errors, 0 left on base; Union City 0 - Germantown 0
BOTTOM OF THE 1ST
Germantown Uruguayans batting - Pitching for Union City Hillers : RHP Orlando Hernández
Pitching: RHP Orlando Hernández
Batting: RHB Jurgen Flurgenburgen 0-0: Called Strike
0-1: Ball
1-1: Foul Ball, location: 2F
1-2: Strikes out swinging
Batting: RHB Sasha Orlovsky 0-0: Ball
1-0: Foul Ball, location: 2F
1-1: Ball
2-1: Foul Ball, location: 2F
2-2: Foul Ball, location: 2F
2-2: Strikes out swinging
Batting: RHB Meester Gobbles-Rooster 0-0: Fly out, F7 (Flyball, 7S)
Bottom of the 1st over - 0 runs, 0 hits, 0 errors, 0 left on base; Union City 0 - Germantown 0
TOP OF THE 2ND
Union City Hillers batting - Pitching for Germantown Uruguayans : RHP Yeow-whye Gao
Batting: RHB Steffen Jones 0-0: Called Strike
0-1: Ball
1-1: Swinging Strike
1-2: Strikes out swinging
Batting: RHB Guaire O'Clavin 0-0: Ground out 6-3 (Groundball, 6)
Batting: RHB Bernard Cook 0-0: Called Strike
0-1: Foul Ball, location: 2F
0-2: Ball
1-2: Strikes out swinging
Top of the 2nd over - 0 runs, 0 hits, 0 errors, 0 left on base; Union City 0 - Germantown 0
BOTTOM OF THE 2ND
Germantown Uruguayans batting - Pitching for Union City Hillers : RHP Orlando Hernández
Batting: RHB José Ortega 0-0: Called Strike
0-1: Ball
1-1: Swinging Strike
1-2: Foul Ball, location: 2F
1-2: Ball
2-2: Reached via error on a dropped throw, E3
Batting: LHB Felipe Dávila 0-0: Swinging Strike
0-1: Called Strike
0-2: Ball
1-2: Ball
2-2: Strikes out swinging
Batting: LHB Masamune Ueda 0-0: Called Strike
José Ortega steals 2nd base
0-1: Called Strike
0-2: Ground out 4-3 (Groundball, 4)
José Ortega to third
Batting: RHB Adam Wiltern 0-0: Foul Ball, location: 2F
0-1: Ball
1-1: Called Strike
1-2: Ball
2-2: DOUBLE (Line Drive, 7LS)
José Ortega scores
Batting: SHB Obke Preesman 0-0: Swinging Strike
0-1: Swinging Strike
0-2: Strikes out swinging
Bottom of the 2nd over - 1 run, 1 hit, 1 error, 1 left on base; Union City 0 - Germantown 1
TOP OF THE 3RD
Union City Hillers batting - Pitching for Germantown Uruguayans : RHP Yeow-whye Gao
Batting: RHB Eisse van Gils 0-0: Ball
1-0: Swinging Strike
1-1: Foul Ball, location: 2F
1-2: Strikes out looking
Batting: LHB César Torres 0-0: Foul Ball, location: 2F
0-1: Ball
1-1: Ball
2-1: Ball
3-1: Foul Ball, location: 2F
3-2: Foul Ball, location: 2F
3-2: Strikes out swinging
Batting: RHB Xavier Conceio 0-0: Ball
1-0: Called Strike
1-1: Called Strike
1-2: Ball
2-2: Fly out, F8 (Line Drive, 89M)
Top of the 3rd over - 0 runs, 0 hits, 0 errors, 0 left on base; Union City 0 - Germantown 1
BOTTOM OF THE 3RD
Germantown Uruguayans batting - Pitching for Union City Hillers : RHP Orlando Hernández
Batting: RHB Luis González 0-0: Ball
1-0: Ball
2-0: Ball
3-0: Base on Balls
Batting: RHB Jurgen Flurgenburgen 0-0: Ball
1-0: Called Strike
Luis González steals 2nd base
1-1: Ground out 6-3 (Groundball, 6)
Batting: RHB Sasha Orlovsky 0-0: Ball
1-0: Ground out 6-3 (Groundball, 6)
Batting: RHB Meester Gobbles-Rooster 0-0: SINGLE (Flyball, 7S)
Luis González to third
Runner from 3rd tries for Home, SAFE, no throw
Batting: RHB José Ortega 0-0: Ball
1-0: Called Strike
1-1: Foul Ball, location: 2F
1-2: Strikes out swinging
Bottom of the 3rd over - 1 run, 1 hit, 0 errors, 1 left on base; Union City 0 - Germantown 2
TOP OF THE 4TH
Union City Hillers batting - Pitching for Germantown Uruguayans : RHP Yeow-whye Gao
Batting: RHB Tony Juderías 0-0: Called Strike
0-1: Swinging Strike
0-2: Fly out, F8 (Line Drive, 8LD)
Batting: RHB Artur Nugaev 0-0: Swinging Strike
0-1: Swinging Strike
0-2: Ball
1-2: Strikes out swinging
Batting: RHB Joe Gram 0-0: Ground out 1-3 (Groundball, 15S)
Top of the 4th over - 0 runs, 0 hits, 0 errors, 0 left on base; Union City 0 - Germantown 2
BOTTOM OF THE 4TH
Germantown Uruguayans batting - Pitching for Union City Hillers : RHP Orlando Hernández
Batting: LHB Felipe Dávila 0-0: Swinging Strike
0-1: Foul Ball, location: 2F
0-2: Foul Ball, location: 2F
0-2: Ball
1-2: Foul Ball, location: 2F
1-2: Ball
2-2: Ground out 6-3 (Groundball, 6)
Batting: LHB Masamune Ueda 0-0: Called Strike
0-1: Ball
1-1: Ball
2-1: Ball
3-1: Base on Balls
Batting: RHB Adam Wiltern 0-0: Ball
1-0: Swinging Strike
1-1: Foul Ball, location: 2F
1-2: Foul Ball, location: 2F
1-2: Ball
2-2: Strikes out swinging
Batting: SHB Obke Preesman 0-0: Called Strike
0-1: Ball
1-1: Foul Ball, location: 2F
1-2: Ball
2-2: SINGLE (Groundball, 56S) (infield hit)
Masamune Ueda to second
Batting: RHB Luis González 0-0: Fly out, F3 (Popup, 34)
Bottom of the 4th over - 0 runs, 1 hit, 0 errors, 2 left on base; Union City 0 - Germantown 2
TOP OF THE 5TH
Union City Hillers batting - Pitching for Germantown Uruguayans : RHP Yeow-whye Gao
Batting: RHB Steffen Jones 0-0: Called Strike
0-1: Ball
1-1: Ball
2-1: Swinging Strike
2-2: Strikes out swinging
Batting: RHB Guaire O'Clavin 0-0: Ball
1-0: Ball
2-0: Called Strike
2-1: Ball
3-1: Base on Balls
Batting: RHB Bernard Cook 0-0: Foul Ball, location: 2F
0-1: Ball
1-1: Swinging Strike
1-2: Ball
2-2: Fly out, F7 (Line Drive, 7S)
Batting: RHB Eisse van Gils 0-0: Called Strike
0-1: Swinging Strike
0-2: Ball
1-2: Strikes out swinging
Top of the 5th over - 0 runs, 0 hits, 0 errors, 1 left on base; Union City 0 - Germantown 2
BOTTOM OF THE 5TH
Germantown Uruguayans batting - Pitching for Union City Hillers : RHP Orlando Hernández
Batting: RHB Jurgen Flurgenburgen 0-0: Ball
1-0: Bunt for hit - play at first, batter safe!
Batting: RHB Sasha Orlovsky 0-0: Ball
1-0: Sac Bunt - play at first, batter OUT! 1-4
Jurgen Flurgenburgen to second
Batting: RHB Meester Gobbles-Rooster 0-0: Swinging Strike
0-1: Ball
Throwing error on steal attempt, E2
Jurgen Flurgenburgen scores
1-1: Ball
2-1: Ball
3-1: Swinging Strike
3-2: Base on Balls
Batting: RHB José Ortega 0-0: Ball
1-0: Called Strike
1-1: Swinging Strike
1-2: Ball
2-2: Ball
3-2: Strikes out swinging
Meester Gobbles-Rooster steals 2nd base
Batter strikes out.
Batting: LHB Felipe Dávila 0-0: Called Strike
0-1: Ball
1-1: Called Strike
1-2: Strikes out swinging
Bottom of the 5th over - 1 run, 1 hit, 1 error, 1 left on base; Union City 0 - Germantown 3
TOP OF THE 6TH
Union City Hillers batting - Pitching for Germantown Uruguayans : RHP Yeow-whye Gao
Batting: LHB César Torres 0-0: Ball
1-0: SINGLE (Groundball, 4MD)
Batting: RHB Xavier Conceio 0-0: Ball
1-0: Swinging Strike
1-1: Sac Bunt - play at first, batter OUT! 5-3
César Torres to second
Batting: RHB Tony Juderías 0-0: Ball
1-0: Called Strike
1-1: Ground out U3 (Groundball, 34)
César Torres to third
Batting: RHB Artur Nugaev 0-0: Ball
1-0: Called Strike
1-1: SINGLE (Flyball, 7S)
César Torres scores
Batting: RHB Joe Gram 0-0: Called Strike
0-1: Called Strike
0-2: Ball
1-2: Strikes out swinging
Top of the 6th over - 1 run, 2 hits, 0 errors, 1 left on base; Union City 1 - Germantown 3
BOTTOM OF THE 6TH
Germantown Uruguayans batting - Pitching for Union City Hillers : RHP Orlando Hernández
Batting: LHB Masamune Ueda 0-0: Ball
1-0: SINGLE (Line Drive, 89S)
Batting: RHB Adam Wiltern 0-0: Ball
1-0: Sac Bunt - play at first, batter OUT! 1-4
Masamune Ueda to second
Batting: SHB Obke Preesman 0-0: Called Strike
0-1: Swinging Strike
0-2: SINGLE (Line Drive, 9S)
Masamune Ueda to third
Batting: RHB Luis González 0-0: Called Strike
0-1: Ground out 4-3 (Groundball, 34)
Masamune Ueda scores
Obke Preesman to second
Batting: RHB Jurgen Flurgenburgen 0-0: SINGLE (Groundball, 6MD)
Obke Preesman to third
Runner from 3rd tries for Home, SAFE, no throw
Batting: RHB Sasha Orlovsky 0-0: Ball
Jurgen Flurgenburgen steals 2nd base
1-0: Ground out 5-3 (Groundball, 56)
Bottom of the 6th over - 2 runs, 3 hits, 0 errors, 1 left on base; Union City 1 - Germantown 5
TOP OF THE 7TH
Union City Hillers batting - Pitching for Germantown Uruguayans : RHP Yeow-whye Gao
Batting: RHB Steffen Jones 0-0: Called Strike
0-1: Fly out, F8 (Flyball, 8LS)
Batting: RHB Guaire O'Clavin 0-0: SOLO HOME RUN (Flyball, 7LD), Distance : 338 ft
Batting: RHB Bernard Cook 0-0: Ball
1-0: Called Strike
1-1: DOUBLE (Line Drive, 9LS)
Batting: RHB Eisse van Gils 0-0: Called Strike
0-1: Swinging Strike
0-2: Strikes out swinging
Batting: LHB César Torres 0-0: Foul Ball, location: 2F
0-1: Foul Ball, location: 2F
0-2: Ball
1-2: Ball
2-2: Fly out, F8 (Flyball, 89D)
Top of the 7th over - 1 run, 2 hits, 0 errors, 1 left on base; Union City 2 - Germantown 5
BOTTOM OF THE 7TH
Germantown Uruguayans batting - Pitching for Union City Hillers : RHP Orlando Hernández
Batting: RHB Meester Gobbles-Rooster 0-0: Ball
1-0: Fly out, F2 (Popup, 3SF)
Batting: RHB José Ortega 0-0: Called Strike
0-1: TRIPLE (Line Drive, 89XD)
Batting: LHB Felipe Dávila 0-0: Intentional Walk
Batting: LHB Masamune Ueda 0-0: Ball
1-0: Called Strike
1-1: Swinging Strike
1-2: Foul Ball, location: 2F
1-2: Ball
Wild Pitch!
José Ortega scores
Felipe Dávila to second
2-2: Strikes out swinging
Batting: RHB Adam Wiltern 0-0: Ground out 5-3 (Groundball, 5)
Bottom of the 7th over - 1 run, 1 hit, 0 errors, 1 left on base; Union City 2 - Germantown 6
TOP OF THE 8TH
Union City Hillers batting - Pitching for Germantown Uruguayans : RHP Yeow-whye Gao
Batting: RHB Xavier Conceio 0-0: Swinging Strike
0-1: Foul Ball, location: 2F
0-2: Strikes out looking
Batting: RHB Tony Juderías 0-0: Called Strike
0-1: Swinging Strike
0-2: Foul Ball, location: 2F
0-2: Ball
1-2: Strikes out swinging
Batting: RHB Artur Nugaev 0-0: Ball
1-0: SINGLE (Line Drive, 89S)
Batting: RHB Joe Gram 0-0: Foul Ball, location: 2F
0-1: Swinging Strike
0-2: Strikes out swinging
Top of the 8th over - 0 runs, 1 hit, 0 errors, 1 left on base; Union City 2 - Germantown 6
BOTTOM OF THE 8TH
Germantown Uruguayans batting - Pitching for Union City Hillers : RHP Orlando Hernández
Batting: SHB Obke Preesman 0-0: Called Strike
0-1: Swinging Strike
0-2: Fly out, F7 (Flyball, 7LM)
Batting: RHB Luis González 0-0: Ball
1-0: Swinging Strike
1-1: Foul Ball, location: 2F
1-2: Strikes out swinging
Batting: RHB Jurgen Flurgenburgen 0-0: Ground out 1-3 (Groundball, 13)
Bottom of the 8th over - 0 runs, 0 hits, 0 errors, 0 left on base; Union City 2 - Germantown 6
TOP OF THE 9TH
Union City Hillers batting - Pitching for Germantown Uruguayans : RHP Yeow-whye Gao
Batting: RHB Steffen Jones 0-0: SINGLE (Line Drive, 7LS)
Pitching: LHP François Boyer
Batting: RHB Guaire O'Clavin 0-0: Ball
1-0: Swinging Strike
1-1: Called Strike
1-2: Strikes out swinging
Batting: RHB Bernard Cook 0-0: Called Strike
0-1: Swinging Strike
0-2: Foul Ball, location: 2F
0-2: Ball
1-2: Strikes out swinging
Batting: RHB Eisse van Gils 0-0: Ball
1-0: Ball
2-0: Called Strike
2-1: Foul Ball, location: 2F
2-2: Ball
3-2: Strikes out swinging
Top of the 9th over - 0 runs, 1 hit, 0 errors, 1 left on base; Union City 2 - Germantown 6
Friday, March 29th, 2019 - OOTP Baseball 18.8 Build 76